 Dungeon Crawl Stone Soup version 0.13-a0-1553-g7307ddf (webtiles) character file.

157 Kae the Chiller (level 3, -3/26 HPs)
             Began as a Draconian Ice Elementalist on June 10, 2013.
             Slain by Crazy Yiuf
             ... wielding a +3,+2 quarterstaff of chaos
              (10 damage)
             ... while paralysed by Crazy Yiuf
             ... on Level 2 of the Dungeon.
             The game lasted 00:02:28 (1286 turns).

Kae the Chiller (Draconian Ice Elementalist)        Turns: 1286, Time: 00:02:28

HP  -3/26        AC 10     Str 10      XL: 3   Next: 46%
MP   3/6         EV  2     Int 16      God:
Gold 111         SH  0     Dex 11      Spells:  3 memorised,  0 levels left

Res.Fire  : . . .   See Invis. : .   (no weapon)
Res.Cold  : . . .   Warding    : .   (armour unavailable)
Life Prot.: . . .   Conserve   : .   (no shield)
Res.Poison: .       Res.Corr.  : .   (helmet restricted)
Res.Elec. : .       Clarity    : .   (no cloak)
Sust.Abil.: . .     Spirit.Shd : .   (no gloves)
Res.Mut.  : .       Stasis     : .   (no boots)
Res.Rott. : .       Flight     : .   (no amulet)
Saprovore : . . .                    (no ring)
                                     (no ring)

@: paralysed, icy armour, not resistant to hostile enchantments, unstealthy
A: unfitting armour, AC +5
a: no special abilities


You were on level 2 of the Dungeon.
You were not hungry.

You visited 1 branch of the dungeon, and saw 2 of its levels.

You collected 91 gold pieces.

Inventory:

Magical devices
 o - a wand of digging (13) {unknown}
Comestibles
 c - a bread ration
 j - 2 chokos
 k - an apple
 l - a pear
 p - a honeycomb
 t - a chunk of worm flesh
Scrolls
 a - a scroll of recharging {unknown}
 d - a scroll of amnesia {unknown}
 e - 3 scrolls of identify {unknown}
 i - 2 scrolls of magic mapping {unknown}
 n - a scroll of fear {unknown}
 q - a scroll of curse weapon {unknown}
 s - a scroll of curse armour {unknown}
 u - a scroll of enchant armour {unknown}
Jewellery
 g - a +2 ring of dexterity {unknown}
 m - an uncursed ring of see invisible {unknown}
Potions
 f - a potion of curing {unknown}
 h - a potion of invisibility {unknown}
Books
 b - a book of Frost

   Spells                             Type                      Level
   *Freeze                            Ice                          1
   *Throw Frost                       Conjuration/Ice              2
   *Ozocubu's Armour                  Charms/Ice                   3
   Throw Icicle                       Conjuration/Ice              4
   Summon Ice Beast                   Ice/Summoning                4
   Condensation Shield                Ice                          4


   Skills:
 - Level 1.7 Dodging
 - Level 1.7 Stealth
 + Level 2.1 Spellcasting
 * Level 1.2 Conjurations
 * Level 3.9 Ice Magic


You couldn't memorise any spells.
You knew the following spells:

 Your Spells              Type           Power        Failure   Level  Hunger
a - Freeze                Ice            ##..         6%          1    #......
b - Throw Frost           Conj/Ice       #.....       12%         2    ###....
c - Ozocubu's Armour      Chrm/Ice       #.........   34%         3    ####...


Dungeon Overview and Level Annotations

Branches:
Dungeon (2/27)

Altars:
Xom

Annotations
D:2 Crazy Yiuf


Message History

Crazy Yiuf shouts!
Press: ? - help, v - describe, . - travel
Here: Crazy Yiuf, wielding a quarterstaff of chaos and wearing a cloak (fire blocked by a tree)
The floor.
Memorise Ozocubu's Armour, consuming 3 spell levels and leaving 0?
You start memorising the spell.
You continue memorising.
Some of the chunks of flesh in your inventory have completely rotted away.
You continue memorising.
You finish memorising.
Casting: Freeze
Confirm with . or Enter, or press ? or * to list all spells.
A film of ice covers your body!
Crazy Yiuf hits you with a quarterstaff of chaos!
Ouch! That really hurt!
You suddenly lose the ability to move!
Found a dwarven hammer.
Crazy Yiuf hits you with a quarterstaff of chaos.
* * * LOW HITPOINT WARNING * * *
Crazy Yiuf hits you with a quarterstaff of chaos!
You die...

.##....# .##.%..#
.##....# .###'#.#
#♣♣♣ .# #.#.#
####♣♣♣♣ ## .#
#.#.###.#..♣♣♣♣♣♣#..)
# .#
#.#.........♣♣♣♣.....
# .#
#.#####...♣..♣g.♣# #
.###'## ###...♣@♣♣♣
#.# ......# ##♣♣♣♣♣♣
#.# ......# #♣♣♣♣♣♣
#.# ....).# #.#
......# #.. ......#
#.. ......# #.#..
......# #.... ......#
###.#


You could see Crazy Yiuf.

Vanquished Creatures
  A worm (D:2)
  A giant mite (D:2)
  A giant gecko (D:1)
  3 giant cockroaches
  4 goblins
  4 hobgoblins (D:2)
  5 kobolds
  A quokka (D:2)
  6 bats
  7 rats
33 creatures vanquished.

Notes
Turn   | Place    | Note
--------------------------------------------------------------
     0 | D:1      | Kae, the Draconian Ice Elementalist, began the quest for the Orb.
     0 | D:1      | Reached XP level 1. HP: 14/14 MP: 3/3
   394 | D:1      | Reached XP level 2. HP: 15/20 MP: 4/4
   864 | D:2      | Learned a level 2 spell: Throw Frost
  1062 | D:2      | Reached XP level 3. HP: 26/26 MP: 4/6
  1228 | D:2      | Found a shimmering altar of Xom.
  1276 | D:2      | Noticed Crazy Yiuf
  1283 | D:2      | Learned a level 3 spell: Ozocubu's Armour
  1284 | D:2      | Paralysed by Crazy Yiuf for 4 turns
  1286 | D:2      | Slain by Crazy Yiuf

Action                   || total
-------------------------++-------
Melee: Unarmed           ||    91
 Cast: Freeze            ||    46
       Ozocubu's Armour  ||     1
 Stab: Sleeping          ||     1
